 Dungeon Crawl Stone Soup version 0.29-a0-1065-g47a6bb87d6 (webtiles) character file.

Game seed: 6769279356953671301

790 IdlyInterested the Changer (level 7, -5/53 HPs)
             Began as a Demonspawn Wanderer on Aug 18, 2022.
             Slain by an ogre
             ... wielding a +0 giant spiked club
              (29 damage)
             ... on level 5 of the Dungeon.
             The game lasted 00:17:42 (5814 turns).

IdlyInterested the Changer (Demonspawn Wanderer)    Turns: 5814, Time: 00:17:43

Health: -5/53      AC:  8    Str: 15      XL:     7   Next: 57%
Magic:  8/8        EV: 11    Int: 15 (16) God:
Gold:   198        SH:  0    Dex: 15      Spells: 6/8 levels left

rFire   + . .      SeeInvis .   y - +4 dagger (vamp)
rCold   . . .      Faith    .   (no shield)
rNeg    . . .      Spirit   .   p - +1 ring mail
rPois   .          Reflect  .   (helmet restricted)
rElec   .          Harm     .   v - +1 cloak
rCorr   .          Rampage  .   (no gloves)
Will    .....                   (no boots)
Stlth   +.........              (no amulet)
HPRegen 0.17/turn               j - ring of protection from fire
MPRegen 0.11/turn               q - +6 ring of strength

@: no status effects
A: antennae 1, hooves 1, powered by death 1, demonic magic 1, weakness stinger 1
a: no special abilities


You were on level 5 of the Dungeon.
You visited 1 branch of the dungeon, and saw 5 of its levels.

You collected 198 gold pieces.

Inventory:

Hand Weapons
 h - a +1 short sword
 w - the +9 hammer "Grim" {speed, rF- rCorr SInv Stlth+}
   (You found it on level 3 of the Dungeon)

   Attacks with this weapon are significantly faster.
   rF:        It makes you vulnerable to fire.
   SInv:      It lets you see invisible.
   rCorr:     It protects you from acid and corrosion.
   Stlth:     It makes you more stealthy.
 y - a +4 vampiric dagger (weapon)
Missiles
 k - 3 poisoned darts
 n - 3 boomerangs
Armour
 p - a +1 ring mail (worn)
 v - a +1 cloak (worn)
Magical Staves
 s - a staff of air
Jewellery
 j - a ring of protection from fire (left hand)
 q - a +6 ring of strength (right hand)
Wands
 d - a wand of polymorph (8)
Scrolls
 a - 2 scrolls of fog {unknown}
 f - a scroll of blinking
 l - 3 scrolls of identify
 m - 2 scrolls of teleportation
 r - 2 scrolls of vulnerability
Potions
 b - 3 potions of haste
 g - a potion of might
 t - a potion of heal wounds
 u - 2 potions of invisibility
 x - a potion of curing
 z - a potion of flight
Miscellaneous
 c - a piece from Xom's chessboard (15/15) (quivered)


   Skills:
 + Level 3.7 Fighting
 * Level 3.3 Short Blades
 - Level 1.0 Throwing
 - Level 1.0 Armour
 - Level 3.0 Dodging
 - Level 1.0 Stealth
 - Level 2.6 Unarmed Combat
 - Level 1.0 Spellcasting
 * Level 4.5 Transmutations
 - Level 3.0 Evocations


You had 6 spell levels left.
You knew the following spells:

 Your Spells              Type           Power      Damage    Failure   Level
a - Wereblood             Tmut           14%        N/A       11%         2

Your spell library contained the following spells:

 Spells                   Type           Power      Damage    Failure   Level
 Passwall                 Tmut/Erth      5%         N/A       28%         2
 Apportation              Tloc           0%         N/A       43%         1
 Necrotise                Necr           0%         1d4       43%         1
 Shock                    Conj/Air       0%         1d3       43%         1
 Summon Small Mammal      Summ           0%         N/A       43%         1
 Ensorcelled Hibernation  Hex/Ice        0%         N/A       58%         2
 Swiftness                Air            0%         N/A       82%         3
 Airstrike                Air            0%         2d(0-16)  99%         4


Dungeon Overview and Level Annotations

Branches:
Dungeon (5/15)
 Temple: D:4-7

Altars:
Ashenzari
Trog


Innate Abilities, Weirdness & Mutations

You have a pair of small antennae on your head.
You have large cloven feet.
You regenerate a little health from kills.
Spells you cast may paralyse adjacent enemies.
You have a small tail.


Message History

There is a stone staircase leading down here.
Items here: ) [[[.
You see here a +0 club.
You see here a +0 hand axe.
HP restored.
There is an open door here.
There is a stone staircase leading down here.
You climb downwards.
Found a long sword and a scroll of identify.
Found a stone staircase leading down.
There is a stone staircase leading up here.
Found 2 scrolls labelled TIS PISICHA.
l - 3 scrolls of identify (gained 1)
a - 2 scrolls labelled TIS PISICHA
There is a stone staircase leading up here.
You climb upwards.
There is a stone staircase leading down here.
You see here a +0 dagger.
Things that are here:
a +0 robe; a +0 dagger
There is a stone staircase leading down here.
There is a stone staircase leading down here.
You climb downwards.
The ogre shouts!
Found 11 gold pieces and a plate armour.
There is a stone staircase leading up here.
You hit the ogre.
The ogre is lightly wounded.
The ogre barely misses you.
You closely miss the ogre.
The ogre is lightly wounded.
You barely miss the ogre.
The ogre is lightly wounded.
The ogre hits you with a +0 giant spiked club!!
Ouch! That really hurt!
You barely miss the ogre. You kick the ogre.
The ogre is moderately wounded.
The ogre hits you with a +0 giant spiked club!!
Ouch! That really hurt!
You die...

.### ....## ####
.....##.[. ###.
#.......# #. ##...
##......### #.. #....
##.........# #.###....
#..........# #..#.....
#.....@....# #........
#.....O....# #........
#..........# #........
#..........#####........
....$...................
........................
..################......
## ##..#.. ##...#


You could see an ogre.

Vanquished Creatures
  Sigmund (D:2)
  A phantom (D:5)
  2 bullfrogs (D:4)
  2 necrophages
  Crazy Yiuf (D:3)
  A jelly (D:4)
  A hound (D:4)
  Jessica (D:2)
  Terence (D:2)
  An orc wizard (D:4)
  4 gnolls (D:3)
  4 adders
  2 dart slugs
  5 orcs
  5 ball pythons
  3 bats
  10 endoplasms
  4 giant cockroaches
  4 goblins
  7 hobgoblins
  3 jackals (D:1)
  7 quokkas
  A frilled lizard (D:2)
  6 kobolds
  6 rats
83 creatures vanquished.

Vanquished Creatures (others)
  5 fungi (D:3)
5 creatures vanquished.

Grand Total: 88 creatures vanquished

Notes
Turn   | Place    | Note
-------+----------+-------------------------------------------
     0 | D:1      | IdlyInterested the Demonspawn Wanderer began the quest for
                  | the Orb.
     0 | D:1      | IdlyInterested set off with the following items: a +0
                  | dagger, a potion of haste, a piece from Xom's chessboard
                  | (15/15), a potion of berserk rage, a +0 robe, a scroll of
                  | blinking; and the following spells available to memorise:
                  | Wereblood, Passwall.
     0 | D:1      | Reached XP level 1. HP: 15/15 MP: 2/2
   662 | D:1      | Reached skill level 1 in Dodging
   662 | D:1      | Gained mutation: Spells you cast may paralyse adjacent
                  | enemies. [demonic ancestry]
   662 | D:1      | Reached XP level 2. HP: 12/21 MP: 3/3
   782 | D:1      | Learned a level 2 spell: Wereblood
  1382 | D:1      | Reached skill level 1 in Armour
  2129 | D:2      | Found a bloodstained altar of Trog.
  2131 | D:2      | Noticed Sigmund
  2148 | D:2      | Killed Sigmund
  2149 | D:2      | Reached skill level 1 in Stealth
  2149 | D:2      | Reached skill level 2 in Transmutations
  2149 | D:2      | Discovered your monstrous ancestry.
  2149 | D:2      | Gained mutation: You have large cloven feet. [demonic
                  | ancestry]
  2149 | D:2      | Reached XP level 3. HP: 28/28 MP: 4/4
  2149 | D:2      | Reached XP level 4. HP: 34/34 MP: 5/5
  2149 | D:2      | Gained mutation: You have a small tail. [demonic ancestry]
  2149 | D:2      | Reached XP level 5. HP: 39/39 MP: 6/6
  2450 | D:2      | Noticed Terence
  2474 | D:2      | Killed Terence
  2832 | D:2      | Noticed Jessica
  2847 | D:2      | Killed Jessica
  3068 | D:2      | Reached skill level 3 in Transmutations
  3567 | D:3      | Gained mutation: You have a pair of small antennae on your
                  | head. [demonic ancestry]
  3567 | D:3      | Reached XP level 6. HP: 38/46 MP: 7/7
  3722 | D:3      | Reached skill level 1 in Short Blades
  4176 | D:3      | Found a runed translucent door.
  4177 | D:3      | Noticed Crazy Yiuf
  4193 | D:3      | Killed Crazy Yiuf
  4193 | D:3      | HP: 2/46 [poisoned by Crazy Yiuf]
  4442 | D:3      | Identified the +9 hammer "Grim" {speed, rF- rCorr SInv
                  | Stlth+}
  4679 | D:4      | Found a broken altar of Ashenzari.
  5070 | D:4      | Reached skill level 4 in Transmutations
  5070 | D:4      | Gained mutation: You regenerate a little health from kills.
                  | [demonic ancestry]
  5070 | D:4      | Reached XP level 7. HP: 47/52 MP: 8/8
  5647 | D:5      | Entered Level 5 of the Dungeon
  5814 | D:5      | Slain by an ogre

Illustrated notes

Levels and vault maps discovered:
D:1:      dpeg_arrival_chambers_temple_mockup, layout_basic, lemuel_old_faithful
D:2:      layout_loops_ring, basic_altar, minmay_quantized, uniq_terence,
          uniq_sigmund, uniq_jessica
D:3:      layout_rooms, kennysheep_generic_room_7, uniq_crazy_yiuf_cottage
D:4:      layout_basic, mainiacjoe_overflow_catwalk
D:5:      layout_cave_pods, nicolae_overflow_crystal_walls, uniq_prince_ribbit1,
          uniq_blork_the_orc

Skill      XL: |  1  2  3  4  5  6  7 |
---------------+----------------------+-----
Dodging        | 1 2 3 |  3.0
Armour         | 1 |  1.0
Fighting       | 2 3 |  3.7
Stealth        | 1 |  1.0
Transmutations | 2 3 4 |  4.5
Short Blades   | 2 3 |  3.3
Throwing       | |  1.0
Unarmed Combat | |  2.6
Spellcasting   | |  1.0
Evocations     | |  3.0

Action                   |  1- 3 |  4- 6 |  7- 9 || total
-------------------------+-------+-------+-------++-------
Melee: Short sword       |    98 |   157 |       ||   255
       Dagger            |    10 |    18 |    45 ||    73
       Punch             |     2 |     7 |     2 ||    11
       Kick              |       |    54 |    11 ||    65
       Unarmed           |       |    11 |       ||    11
       Tailslap          |       |    23 |     3 ||    26
 Cast: Wereblood         |       |     6 |       ||     6
Evoke: Piece from Xom's  |     1 |     3 |       ||     4
  Use: Potion            |     1 |     3 |       ||     4
       Scroll            |       |    13 |       ||    13
 Stab: Petrified         |     6 |       |       ||     6
       Paralysed         |       |    13 |       ||    13
       Sleeping          |       |     1 |       ||     1
Armor: Robe              |    10 |       |       ||    10
       Leather armour    |    25 |     9 |       ||    34
       Ring mail         |       |    35 |     8 ||    43
       Skin              |       |     2 |       ||     2
Dodge: Dodged            |    56 |   107 |    25 ||   188

Table legend: (Time is in decaauts)
 A = Elapsed time spent in this place.
 B = Non-inter-level travel time spent in this place.
 C = Inter-level travel time spent in this place.
 D = Time resting spent in this place.
 E = Time spent auto-exploring this place.
 F = Levels seen in this place.
 G = Mean time per level.
                   A        B        C        D        E       F      G
               +--------+--------+--------+--------+--------+-----+--------+
         Total |   5834 |   5239 |    595 |   1700 |   2466 |   5 | 1166.8 |
       Dungeon |   5834 |   5239 |    595 |   1700 |   2466 |   5 | 1166.8 |
               +--------+--------+--------+--------+--------+-----+--------+

Top non-repeatable levels by time:
     D:1: 2435 daAuts
     D:4: 1193 daAuts
     D:2: 1082 daAuts
     D:3: 1071 daAuts
     D:5: 50 daAuts
